 Dungeon Crawl Stone Soup version 0.31-a0-43-g46d131a48f (webtiles) character file.

Game seed: 3025910982046044494

21 IdlyInterested the Trooper (level 2, -3/25 HPs)
             Began as a Demonspawn Wanderer on May 18, 2023.
             Slain by a gnoll
             ... wielding a +0 whip
              (6 damage)
             ... on level 1 of the Dungeon.
             The game lasted 00:02:30 (783 turns).

IdlyInterested the Trooper (Demonspawn Wanderer)     Turns: 783, Time: 00:02:30

Health: -3/25      AC:  4    Str: 15    XL:     2   Next: 62%
Magic:  2/2        EV: 11    Int: 10    God:
Gold:   37         SH:  0    Dex: 12    Spells: 1/1 levels left

rFire   . . .        a - +3 hand axe
rCold   . . .        (no shield)
rNeg    . . .        d - +0 leather armour
rPois   .            (no helmet)
rElec   .            (no cloak)
rCorr   .            (no gloves)
SInv    .            f - +0 pair of boots
Will    .....        (no amulet)
Stlth   ++           (no ring)
HPRegen 0.24/turn    (no ring)
MPRegen 0.08/turn

%: no passive effects
@: no status effects
A: foul stench 1
a: no special abilities


You were on level 1 of the Dungeon.
You visited 1 branch of the dungeon, and saw 1 of its levels.

You collected 37 gold pieces.

Inventory:

Hand Weapons
 a - a +3 hand axe (weapon)
Missiles
 g - 3 stones (quivered)
 h - 6 poisoned darts
Armour
 d - a +0 leather armour (worn)
 f - a +0 pair of boots (worn)
Scrolls
 b - a scroll of vulnerability
 e - a scroll of teleportation {unknown}
 j - a scroll of fog {unknown}
 k - a scroll of poison {unknown}
Potions
 c - a potion of lignification
 i - a potion of brilliance {unknown}


   Skills:
 * Level 3.7 Fighting
 - Level 1.7 Axes
 + Level 0.1 Throwing
 - Level 1.0 Armour
 - Level 1.0 Dodging
 - Level 1.7 Stealth
 - Level 1.7 Unarmed Combat


You had one spell level left.
You didn't know any spells.
Your spell library was empty.

Dungeon Overview and Level Annotations

Branches:
Dungeon (1/15)

Altars:


Innate Abilities, Weirdness & Mutations

You may rarely emit foul miasma when damaged in melee.


Message History

You open the door.
There is an open door here.
k - a scroll labelled HESU YRIASTI
Found a stone staircase leading down.
Found a leather armour.
A gnoll comes into view. It is wielding a +0 whip.
The gnoll shouts!
The gnoll barely misses you.
You see here 6 stones.
You hit the gnoll.
The gnoll is moderately wounded.
The gnoll barely misses you.
You closely miss the gnoll.
The gnoll is moderately wounded.
The gnoll hits you with a +0 whip.
You barely miss the gnoll.
The gnoll is moderately wounded.
The gnoll closely misses you. x2
You closely miss the gnoll.
The gnoll is lightly wounded.
The gnoll hits you with a +0 whip.
You completely miss the gnoll.
The gnoll is lightly wounded.
The gnoll hits you with a +0 whip!
You closely miss the gnoll.
The gnoll is lightly wounded.
The gnoll closely misses you.
You hit the gnoll.
The gnoll is heavily wounded.
The gnoll hits you with a +0 whip.
* * * LOW HITPOINT WARNING * * *
You hit the gnoll.
The gnoll is almost dead.
The gnoll hits you with a +0 whip.
* * * LOW HITPOINT WARNING * * *
The gnoll barely misses you.
You closely miss the gnoll.
The gnoll is almost dead.
The gnoll hits you with a +0 whip.
You die...

##≈≈≈≈≈≈## ..........###
#.#.. #########
#.##.###.## #.#..
###.##.###.######.#.#
...............##.#.# #.
#..####.###.##.###.##.#.#
... ............####
#.##.#.# #..
[....##.##### ###.##.#.#
#.## .........g..#
#......... ....
......>.@...# ###.##.#.#
##.# .....#.######
#.##.#.# .....#. #.......
.... #. ......#)# ... #.
#######.# ... #.
......... #. #######.#
...# ###.+


You could see a gnoll.

Vanquished Creatures
  An endoplasm (D:1)
  A giant cockroach (D:1)
  A goblin (D:1)
  4 jackals (D:1)
  2 kobolds (D:1)
  3 quokkas (D:1)
  3 bats (D:1)
  2 frilled lizards (D:1)
17 creatures vanquished.

Notes
Turn   | Place    | Note
-------+----------+-------------------------------------------
     0 | D:1      | IdlyInterested the Demonspawn Wanderer began the quest for
                  | the Orb.
     0 | D:1      | IdlyInterested set off with the following items: a +3 hand
                  | axe, a scroll of vulnerability, a potion of lignification,
                  | a +0 leather armour.
     0 | D:1      | Reached XP level 1. HP: 18/18 MP: 1/1
   233 | D:1      | Gained mutation: You may rarely emit foul miasma when
                  | damaged in melee. [demonic ancestry]
   233 | D:1      | Reached XP level 2. HP: 16/24 MP: 2/2
   396 | D:1      | Reached skill level 1 in Dodging
   783 | D:1      | Slain by a gnoll

Illustrated notes

Levels and vault maps discovered:
D:1:      spicycebolla_green_bress_n_ham, layout_basic,
          shapermc_ecumenical_altar_petra, kennysheep_another_room,
          minmay_liquid_box, supply_closet_lemuel, minmay_domino_4

Skill      XL: |  1  2 |
---------------+-------+-----
Dodging        | 1 |  1.0
Fighting       | |  3.7
Axes           | |  1.7
Throwing       | |  0.1
Armour         | |  1.0
Stealth        | |  1.7
Unarmed Combat | |  1.7

Action                     || total
---------------------------++-------
  Melee: Hand axe          ||    52
 Armour: Leather armour    ||    29
  Dodge: Dodged            ||    40

Table legend: (Time is in decaauts)
 A = Elapsed time spent in this place.
 B = Non-inter-level travel time spent in this place.
 C = Inter-level travel time spent in this place.
 D = Time resting spent in this place.
 E = Time spent auto-exploring this place.
 F = Levels seen in this place.
 G = Mean time per level.
                   A        B        C        D        E       F      G
               +--------+--------+--------+--------+--------+-----+--------+
         Total |    795 |    795 |      0 |     70 |    574 |   1 |  795.0 |
       Dungeon |    795 |    795 |      0 |     70 |    574 |   1 |  795.0 |
               +--------+--------+--------+--------+--------+-----+--------+

Top non-repeatable levels by time:
     D:1: 795 daAuts
